 Dungeon Crawl Stone Soup version 0.18.1-48-g4cf74bf (webtiles) character file.

89 juanjsm the Insei (level 4, -2/29 HPs)
             Began as an Octopode Transmuter on July 7, 2016.
             Slain by Aquadorian's ghost (18 damage)
             ... on level 3 of the Dungeon.
             The game lasted 00:09:57 (2383 turns).

juanjsm the Insei (Octopode Transmuter)             Turns: 2383, Time: 00:09:59

Health: -2/29      AC:  2    Str:  9    XL:     4   Next: 55%
Magic:  4/7        EV: 19    Int: 16    God:
Gold:   186        SH:  0    Dex: 17    Spells: 2 memorised, 4 levels left

rFire  . . .     SeeInvis .       - Unarmed
rCold  . . .     Gourm    .     (shield currently unavailable)
rNeg   . . .     Faith    .     (helmet currently unavailable)
rPois  x         Spirit   .     (no amulet)
rElec  .         Dismiss  .     (no ring)
rCorr  .         Reflect  .     (no ring)
SustAt .         Harm     .     (no ring)
MR     .....                    (no ring)
Stlth  ++........               (no ring)
                                (no ring)
                                (no ring)
                                (no ring)

@: spider-form (expiring), not resistant to hostile enchantments, unstealthy
A: almost no armour, (amphibious), 8 rings, (constrict 8), (camouflage 0),
(gelatinous body 0)
a: End Transformation


You were on level 3 of the Dungeon.
You were not hungry.
You were a venomous arachnid creature.
You visited 1 branch of the dungeon, and saw 3 of its levels.

You collected 186 gold pieces.

Inventory:

Hand Weapons
 j - a +1 short sword of freezing
Missiles
 a - 48 arrows
 f - 101 stones (quivered)
 i - 2 throwing nets
Scrolls
 g - 2 scrolls of identify {unknown}
 h - a scroll of random uselessness {unknown}
 k - a scroll of fear {unknown}
 l - a scroll of remove curse {unknown}
 n - a scroll of immolation {unknown}
 p - a scroll of recharging {unknown}
 t - a scroll of enchant weapon {unknown}
Potions
 e - a potion of might {unknown}
 o - a potion of magic {unknown}
 q - a potion of heal wounds {unknown}
 r - a potion of degeneration {unknown}
 s - a potion of haste {unknown}
Books
 b - a book of Changes

   Spells                             Type                      Level
   a - Beastly Appendage              Transmutation                1
   b - Sticks to Snakes               Transmutation                2
   c - Spider Form                    Transmutation/Poison         3
   d - Ice Form                       Ice/Transmutation            4
   e - Blade Hands                    Transmutation                5
Comestibles
 c - 3 bread rations
 d - a beef jerky
 m - 14 fruits


   Skills:
 - Level 2.2 Fighting
 - Level 2.0 Dodging
 - Level 3.4 Unarmed Combat
 * Level 2.6 Spellcasting
 + Level 2.8 Transmutations
 + Level 1.2 Poison Magic


You had 4 spell levels left.
You knew the following spells:

 Your Spells              Type           Power        Failure   Level  Hunger
a - Beastly Appendage     Trmt           ##....       21%         1    #......
b - Spider Form           Trmt/Pois      #.........   50%         3    ###....


Dungeon Overview and Level Annotations

Branches:
Dungeon (3/15)

Altars:
Fedhas
Zin

Annotations:
D:3 Aquadorian's ghost, amateur MiFi


Innate Abilities, Weirdness & Mutations

You cannot wear most types of armour.
((You are amphibious.))
You can wear up to eight rings at the same time.
((You can use your tentacles to constrict eight enemies at once.))
((Your skin changes colour to match your surroundings (Stealth).))
((Your rubbery body absorbs attacks (AC +1).))


Message History

Aquadorian's ghost is lightly damaged.
Aquadorian's ghost hits you!
You hit Aquadorian's ghost but do no damage.
Aquadorian's ghost is lightly damaged.
Aquadorian's ghost misses you.
You barely miss Aquadorian's ghost.
Aquadorian's ghost is lightly damaged.
Aquadorian's ghost closely misses you.
You hit Aquadorian's ghost.
Aquadorian's ghost is moderately damaged.
Aquadorian's ghost hits you.
You hit Aquadorian's ghost.
Aquadorian's ghost is moderately damaged.
Aquadorian's ghost completely misses you.
You hit Aquadorian's ghost.
Aquadorian's ghost is moderately damaged.
Your transformation is almost over.
Aquadorian's ghost hits you!!
Ouch! That really hurt!
You die...

#.#..............#
#.#.#.#.#.##.....#
#.....#.#..#.....#
#.....#.#..#.....#
#.....#.#....#.###
#.....#...........
#.....#...........
#.....#...........
#s#####...........
#W# #...........
#r# #r..........
#.# #...........
#.# #W..........
#.# #...........
#.#####.#+#+######
#...Wr..#
#########


You could see Aquadorian's ghost and a rat.

Vanquished Creatures
  4 adders (D:2)
  2 worms (D:2)
  A dart slug (D:1)
  2 giant geckos
  5 bats
  3 giant cockroaches (D:1)
  5 goblins
  9 hobgoblins
  A ball python (D:2)
  2 giant newts (D:1)
  8 kobolds
  6 rats
48 creatures vanquished.

Notes
Turn   | Place    | Note
--------------------------------------------------------------
     0 | D:1      | juanjsm the Octopode Transmuter began the quest for the Orb.
     0 | D:1      | Reached XP level 1. HP: 13/13 MP: 3/3
   180 | D:1      | Reached XP level 2. HP: 9/18 MP: 1/5
   845 | D:1      | Reached XP level 3. HP: 24/24 MP: 4/6
   853 | D:1      | Learned a level 3 spell: Spider Form
  1292 | D:2      | Found a blossoming altar of Fedhas.
  1434 | D:2      | Found a glowing silver altar of Zin.
  1588 | D:2      | Reached XP level 4. HP: 12/29 MP: 5/7
  1822 | D:2      | Found a faded altar to an unknown god.
  1827 | D:2      | Reached skill level 1 in Poison Magic
  2300 | D:3      | Noticed Aquadorian's ghost (amateur MiFi)
  2383 | D:3      | Slain by Aquadorian's ghost

Skill      XL: |  1  2  3  4 |
---------------+-------------+-----
Fighting       | 2 |  2.2
Poison Magic   | 1 |  1.2
Dodging        | |  2.0
Unarmed Combat | |  3.4
Spellcasting   | |  2.6
Transmutations | |  2.8

Action                   |  1- 3 |  4- 6 || total
-------------------------+-------+-------++-------
Melee: Unarmed           |   100 |    23 ||   123
       Kick              |    25 |     3 ||    28
       Constrict         |    27 |     6 ||    33
       Tentacles         |    15 |     5 ||    20
       Punch             |     2 |       ||     2
 Cast: Beastly Appendage |    28 |     7 ||    35
       Spider Form       |       |     1 ||     1
 Stab: Sleeping          |     3 |     2 ||     5
  Eat: Chunk             |     3 |     2 ||     5
Armor: Skin              |    11 |     2 ||    13
Dodge: Dodged            |    54 |     8 ||    62
